 Dungeon Crawl Stone Soup version 0.32-a0-571-gec57dfcd37 (webtiles) character file.

Game seed: 5875582772813277045

14 CougarLife the Digger (level 2, -1/15 HPs)
             Began as a Gargoyle Earth Elementalist on Mar 1, 2024.
             Slain by a kobold
             ... wielding a +0 whip
              (5 damage)
             ... on level 1 of the Dungeon.
             The game lasted 00:00:16 (553 turns).

CougarLife the Digger (Gargoyle Earth Elementalist)  Turns: 553, Time: 00:00:17

Health: -1/15      AC:  5    Str: 11    XL:     2   Next: 41%
Magic:  4/5        EV: 11    Int: 15    God:
Gold:   20         SH:  0    Dex: 10    Spells: 4/5 levels left

rFire   . . .        (no weapon)
rCold   . . .        (no shield)
rNeg    + . .        a - +0 robe
rPois   ∞            c - +0 helmet
rElec   +            (no cloak)
rCorr   .            (no gloves)
SInv    .            (no boots)
Will    .....        (no amulet)
Stlth   ++           (no ring)
HPRegen 0.22/turn    (no ring)
MPRegen 0.09/turn

%: no passive effects
@: no status effects
A: sickness immunity, AC +2, negative energy resistance 1, electricity
resistance, torment resistance 1, petrification resistance
a: no special abilities


You were on level 1 of the Dungeon.
You visited 1 branch of the dungeon, and saw 1 of its levels.

You collected 20 gold pieces.

Inventory:

Armour
 a - a +0 robe (worn)
 c - a +0 helmet (worn)
Scrolls
 f - a scroll of teleportation {unknown}
 g - a scroll of vulnerability {unknown}
 h - a scroll of identify {unknown}
Potions
 b - a potion of magic
 d - a potion of degeneration {unknown}
 e - a potion of might {unknown}
 i - a potion of mutation {unknown}


   Skills:
 - Level 1.5 Dodging
 - Level 2.1 Stealth
 + Level 2.3 Spellcasting
 + Level 1.7 Conjurations
 + Level 3.9 Earth Magic


You had 4 spell levels left.
You knew the following spells:

 Your Spells              Type           Power      Damage    Failure   Level
a - Sandblast             Erth           26%        2d8       4%          1

Your spell library contained the following spells:

 Spells                   Type           Power      Damage    Failure   Level
 Passwall                 Erth           13%        N/A       13%         3
 Stone Arrow              Conj/Erth      20%        3d8       21%         3
 Brom's Barrelling Bould  Conj/Erth      10%        2d3       54%         4
 Petrify                  Alch/Erth      7%         N/A       67%         4


Dungeon Overview and Level Annotations

Branches:
Dungeon (1/15)

Altars:


Innate Abilities, Weirdness & Mutations

You are immune to sickness and miasma.
Your stone body is resilient. (AC +2)
You are immune to poison.
You resist negative energy. (rN+)
You are resistant to electric shocks. (rElec)
You are resistant to unholy torment.
You are immune to petrification.


Message History

The blast of sand hits the endoplasm but does no damage.
An endoplasm is nearby!
The blast of sand hits the endoplasm!
You kill the endoplasm!
A giant cockroach comes into view.
You can't see any susceptible monsters within range! (Use Z to cast anyway.)
A giant cockroach is nearby!
Found 9 gold pieces.
You can't see any susceptible monsters within range! (Use Z to cast anyway.)
A giant cockroach is nearby!
The blast of sand hits the giant cockroach!
You kill the giant cockroach!
You now have 20 gold pieces (gained 9).
As you open the door, it creaks loudly!
No target in view!
You can't see any susceptible monsters within range! (Use Z to cast anyway.)
A rat comes into view.
You can't see any susceptible monsters within range! (Use Z to cast anyway.)
A rat is nearby!
A kobold comes into view. It is wielding a +0 dagger.
The blast of sand hits the kobold.
You kill the kobold!
A rat is nearby!
You closely miss the rat. The rat closely misses you.
The blast of sand hits the rat!
You kill the rat!
You see here a rat corpse.
An endoplasm and a kobold come into view.
Found a stone staircase leading down.
The kobold shouts!
The kobold moves out of view.
The kobold hits you with a +0 whip.
The blast of sand misses the kobold.
The endoplasm quivers.
The kobold hits you with a +0 whip. The endoplasm freezes you.
You are frozen.
* * * LOW HITPOINT WARNING * * *
The kobold hits you with a +0 whip.
You die...

(#
#.########.##
#...†........
.
#####.#######
...#####.)#
..........#
..###.###.#
#.....#.#
.#....K#.#
....>.J@.#
..#.....#.# .
#.....#.#
###.###.# ...
..# ... ###
###


You could see an endoplasm and a kobold.

Vanquished Creatures
  An endoplasm (D:1)
  2 giant cockroaches (D:1)
  A goblin (D:1)
  A hobgoblin (D:1)
  2 kobolds (D:1)
  A ball python (D:1)
  A bat (D:1)
  A frilled lizard (D:1)
  3 rats (D:1)
13 creatures vanquished.

Notes
Turn   | Place    | Note
-------+----------+-------------------------------------------
     0 | D:1      | CougarLife the Gargoyle Earth Elementalist began the quest
                  | for the Orb.
     0 | D:1      | Reached XP level 1. HP: 10/10 MP: 3/3
   277 | D:1      | Reached XP level 2. HP: 15/15 MP: 1/5
   553 | D:1      | Slain by a kobold

Illustrated notes

Levels and vault maps discovered:
D:1:      amcnicky_arrival_single_pillar, layout_basic, st_stairs_3

Action                     || total
---------------------------++-------
  Melee: Unarmed           ||     2
   Cast: Sandblast         ||    16
 Armour: Robe              ||     5
  Dodge: Dodged            ||     3

Table legend: (Time is in decaauts)
 A = Elapsed time spent in this place.
 B = Non-inter-level travel time spent in this place.
 C = Inter-level travel time spent in this place.
 D = Time resting spent in this place.
 E = Time spent auto-exploring this place.
 F = Levels seen in this place.
 G = Mean time per level.
                   A        B        C        D        E       F      G
               +--------+--------+--------+--------+--------+-----+--------+
         Total |    560 |    560 |      0 |      0 |    472 |   1 |  560.0 |
       Dungeon |    560 |    560 |      0 |      0 |    472 |   1 |  560.0 |
               +--------+--------+--------+--------+--------+-----+--------+

Top non-repeatable levels by time:
     D:1: 560 daAuts
